 Dungeon Crawl Stone Soup version bcrawl-1.22-25-g67c3e499a2 (webtiles) character file.

Game seed: 9452468175470705486

90 pasperui the Ducker (level 4, -5/41 HPs)
             Began as a Gnoll Reaver on May 18, 2020.
             Was a Believer of Vehumet.
             Slain by a worm (8 damage)
             ... on level 3 of the Dungeon.
             The game lasted 00:05:13 (1330 turns).

pasperui the Ducker (Gnoll Reaver)                  Turns: 1330, Time: 00:05:14

Health: -5/41      AC:  6    Str: 14    XL:     4   Next: 56%
Magic:  6/11       EV: 16    Int: 16    God:    Vehumet [**....]
Gold:   154        SH:  2    Dex: 14    Spells: 11/13 levels left

rFire    . . .     SeeInvis .   a - +0 long sword
rCold    . . .     Gourm    .   (no shield)
rNeg     . . .     Faith    .   b - +0 steam dragon scales
rPois    .         Spirit   .   p - +0 helmet
rElec    .         Reflect  .   (no cloak)
rCorr    .         Harm     .   (no gloves)
MR       .....                  (no boots)
Stlth    ++........             (no amulet)
HPRegen  0.13/turn              (no ring)
MPRegen  0.12/turn              (no ring)

@: very slightly contaminated
A: distributed training, fangs 1, strong nose
a: Renounce Religion


You were on level 3 of the Dungeon.
You worshipped Vehumet.
Vehumet was pleased with you.
You were not hungry.

You visited 1 branch of the dungeon, and saw 3 of its levels.

You collected 154 gold pieces.

Inventory:

Hand Weapons
 a - a +0 long sword (weapon)
 m - a +1 dagger of speed
Missiles
 f - 660 stones (quivered)
 o - 412 bolts
Armour
 b - +0 steam dragon scales (worn)
 p - a +0 helmet (worn)
Scrolls
 d - a scroll of immolation
 h - a scroll of blinking {unknown}
 k - a scroll of enchant armour {unknown}
 l - 4 scrolls of identify {unknown}
 n - 2 scrolls of teleportation {unknown}
 q - a scroll of noise {unknown}
 s - a scroll of remove curse {unknown}
Potions
 c - a potion of haste
 g - a potion of brilliance {unknown}
 j - 2 potions of degeneration {unknown}
 r - 2 potions of mutation {unknown}
Comestibles
 e - 5 rations {!d}
 i - 9 chunks of flesh


   Skills:
 + Level 6.6 Fighting
 + Level 1.1 Short Blades
 + Level 6.6 Long Blades
 + Level 1.1 Axes
 + Level 1.1 Maces & Flails
 + Level 1.1 Polearms
 + Level 1.1 Staves
 + Level 1.1 Slings
 + Level 1.1 Bows
 + Level 1.1 Crossbows
 + Level 1.1 Throwing
 + Level 1.1 Armour
 + Level 6.6 Dodging
 + Level 1.1 Stealth
 + Level 1.1 Shields
 + Level 1.1 Unarmed Combat
 + Level 5.1 Spellcasting
 + Level 0.9 Conjurations
 + Level 0.9 Hexes
 + Level 0.9 Charms
 + Level 0.9 Summonings
 + Level 0.9 Necromancy
 + Level 0.9 Translocations
 + Level 0.9 Transmutations
 + Level 0.9 Fire Magic
 + Level 0.9 Ice Magic
 + Level 0.9 Air Magic
 + Level 0.9 Earth Magic
 + Level 0.9 Poison Magic
 + Level 1.2 Invocations
 + Level 1.1 Evocations


You had 11 spell levels left.
You knew the following spells:

 Your Spells              Type           Power        Failure   Level  Hunger
a - Sting                 Conj/Pois      #...         3%          1    None
b - Shock                 Conj/Air       #....        3%          1    None

Your spell library contained the following spells:

 Spells                   Type           Power        Failure   Level  Hunger
 Iskenderun's Battlesphe  Conj/Chrm      #.......     56%         5    ######.


Dungeon Overview and Level Annotations

Branches:
Dungeon (3/12)

Altars:
Dithmenos
Hepliaklqana
Kikubaaqudgha
Okawaru
Xom


Innate Abilities, Weirdness & Mutations

Your experience applies equally to all skills.
You have very sharp teeth.
Your uncanny sense of smell can sniff out nearby items.


Message History

The orc shouts!
The orc priest invokes the aid of Beogh against you.
Beogh smites you!
Casting: Sting (safe; 3% risk of failure)
Confirm with . or Enter, or press ? or * to list all spells.
Aiming: Sting (safe; 3% risk of failure)
Press: ? - help, Shift-Dir - straight line, f/p - orc priest
Aim: an orc priest, wielding a +0 flail The sting hits the orc but does no damage.
The orc barely misses you.
You hit the orc.
The orc is moderately wounded.
The orc misses you.
You hit the orc but do no damage.
The orc is moderately wounded.
The orc priest calls down the wrath of Beogh upon you.
Beogh smites you!
* * * LOW HITPOINT WARNING * * *
The orc closely misses you. The worm bites you!
You die...

......#
##.....##
#.......#
#.......#
.......#
.....#
#.#####...#
#......@..#
#.....woo.#
##.....o..#
#.....o..#
...)..o.?.#
##........#
#........#
#........#


You could see a worm, an orc priest and 4 orcs.

Vanquished Creatures
  An adder (D:2)
  3 worms (D:2)
  3 dart slugs (D:2)
  5 leopard geckos
  An orc (D:2)
  A ball python (D:1)
  8 giant cockroaches
  4 goblins
  7 hobgoblins
  2 quokkas (D:2)
  5 bats
  2 frilled lizards (D:2)
  6 kobolds
  9 rats
57 creatures vanquished.

Vanquished Creatures (others)
  A kobold (D:1)
1 creature vanquished.

Grand Total: 58 creatures vanquished

Notes
Turn   | Place    | Note
-------+----------+-------------------------------------------
     0 | D:1      | pasperui the Gnoll Reaver began the quest for the Orb.
     0 | D:1      | Reached XP level 1. HP: 23/23 MP: 6/6
    49 | D:1      | Reached XP level 2. HP: 28/29 MP: 7/7
   341 | D:1      | Reached * piety under Vehumet
   341 | D:1      | Offered knowledge of Sting by Vehumet.
   341 | D:1      | Reached XP level 3. HP: 35/35 MP: 9/9
   344 | D:1      | Learned a level 1 spell: Sting
   514 | D:1      | Reached skill level 5 in Spellcasting
   546 | D:2      | Found a shadowy altar of Dithmenos.
   580 | D:2      | Found a hazy altar of Hepliaklqana.
   630 | D:2      | Reached skill level 1 in Invocations
   847 | D:2      | Reached skill level 1 in Short Blades
   847 | D:2      | Reached skill level 1 in Axes
   847 | D:2      | Reached skill level 1 in Maces & Flails
   847 | D:2      | Reached skill level 1 in Polearms
   847 | D:2      | Reached skill level 1 in Staves
   847 | D:2      | Reached skill level 1 in Slings
   847 | D:2      | Reached skill level 1 in Bows
   847 | D:2      | Reached skill level 1 in Crossbows
   847 | D:2      | Reached skill level 1 in Throwing
   847 | D:2      | Reached skill level 1 in Armour
   847 | D:2      | Reached skill level 1 in Stealth
   847 | D:2      | Reached skill level 1 in Shields
   847 | D:2      | Reached skill level 1 in Unarmed Combat
   847 | D:2      | Reached skill level 1 in Evocations
   872 | D:2      | Reached XP level 4. HP: 40/41 MP: 1/11
  1045 | D:2      | Found an ancient bone altar of Kikubaaqudgha.
  1045 | D:2      | Found an iron altar of Okawaru.
  1046 | D:2      | Found a shimmering altar of Xom.
  1171 | D:2      | Offered knowledge of Shock by Vehumet.
  1193 | D:2      | Learned a level 1 spell: Shock
  1207 | D:2      | Reached ** piety under Vehumet
  1330 | D:3      | Slain by a worm

Skill      XL: |  1  2  3 |
---------------+----------+-----
Spellcasting   | 5 |  5.1
Invocations    | 1 |  1.2
Short Blades   | 1 |  1.1
Axes           | 1 |  1.1
Maces & Flails | 1 |  1.1
Polearms       | 1 |  1.1
Staves         | 1 |  1.1
Slings         | 1 |  1.1
Bows           | 1 |  1.1
Crossbows      | 1 |  1.1
Throwing       | 1 |  1.1
Armour         | 1 |  1.1
Stealth        | 1 |  1.1
Shields        | 1 |  1.1
Unarmed Combat | 1 |  1.1
Evocations     | 1 |  1.1
Fighting       | |  6.6
Long Blades    | |  6.6
Dodging        | |  6.6
Conjurations   | |  0.9
Hexes          | |  0.9
Charms         | |  0.9
Summonings     | |  0.9
Necromancy     | |  0.9
Translocations | |  0.9
Transmutations | |  0.9
Fire Magic     | |  0.9
Ice Magic      | |  0.9
Air Magic      | |  0.9
Earth Magic    | |  0.9
Poison Magic   | |  0.9

Action                   |  1- 3 |  4- 6 || total
-------------------------+-------+-------++-------
Melee: Long sword        |   109 |    20 ||   129
       Bite              |     9 |       ||     9
 Cast: Sting             |    19 |    19 ||    38
  Eat: Chunk             |       |     1 ||     1
Armor: Steam dragon scal |    28 |     5 ||    33
Dodge: Dodged            |    77 |    24 ||   101
Block: Other             |     2 |     1 ||     3
